 Dungeon Crawl Stone Soup version 0.27-a0-1196-g3e9cee4cb2 (webtiles) character file.

Game seed: 12361060945133775029

137 Azzok the Chopper (level 5, 39/41 HPs)
             Began as a Demonspawn Berserker on May 29, 2021.
             Was a Believer of Trog.
             Quit the game on level 2 of the Dungeon.
             The game lasted 00:01:44 (1438 turns).

Azzok the Chopper (Demonspawn Berserker)            Turns: 1438, Time: 00:01:45

Health: 39/41      AC: 10    Str: 18    XL:     5   Next: 0%
Magic:  5/5        EV:  7    Int:  9    God:    Trog [**....]
Gold:   87         SH:  0    Dex: 12    Spells: 4/4 levels left

rFire    . . .     SeeInvis .   f - +0 war axe
rCold    . . .     Faith    .   (no shield)
rNeg     . . .     Spirit   .   g - +0 chain mail
rPois    .         Reflect  .   (no helmet)
rElec    .         Harm     .   (no cloak)
rCorr    .         Rampage  .   (no gloves)
Will     .....                  (no boots)
Stlth    ..........             (no amulet)
HPRegen  0.13/turn              (no ring)
MPRegen  0.09/turn              (no ring)

@: slowed, very slow
A: hooves 2, icy blue scales 1, demonic guardian 1
a: Renounce Religion, Berserk, Trog's Hand


You were on level 2 of the Dungeon.
You worshipped Trog.
Trog was pleased with you.
You visited 1 branch of the dungeon, and saw 2 of its levels.

You collected 87 gold pieces.

Inventory:

Hand Weapons
 b - a +2 dagger of freezing
 f - a +0 war axe (weapon)
Armour
 g - a +0 chain mail (worn)
Scrolls
 d - a scroll of teleportation {unknown}
 e - a scroll of fog {unknown}


   Skills:
 - Level 3.0 Fighting
 + Level 5.2 Axes
 - Level 1.7 Armour
 - Level 1.7 Dodging


You had 4 spell levels left.
You didn't know any spells.
Your spell library was empty.

Dungeon Overview and Level Annotations

Branches:
Dungeon (2/15)

Altars:


Innate Abilities, Weirdness & Mutations

You have hoof-like feet.
You are partially covered in icy blue scales. (AC +2)
A weak demonic guardian rushes to your aid.


Message History

A ball python is nearby!
The ball python bites you. The ball python barely misses you.
You slash the ball python!
You kill the ball python!
Trog accepts your kill.
Found 13 stones.
Found a stone staircase leading up.
A worm comes into view.
The worm bites you.
You barely miss the worm. The worm bites you.
You hit the worm. Your kick misses the worm.
The worm is moderately wounded.
You slash the worm! You kick the worm.
You kill the worm!
Trog accepts your kill.
Your Axes skill increases to level 5!
You see here a worm corpse.
Natasha, Servant of Life and Death comes into view.
Natasha is nearby!
Natasha hisses angrily.
Found a stone staircase leading up.
You slash Natasha! You kick Natasha.
Natasha is almost dead.
Natasha claws you but does no damage. x2
You barely miss Natasha.
Natasha is almost dead.
Natasha casts a spell at you.
You feel yourself slow down.
You miss Natasha. You kick Natasha, but do no damage.
Natasha is almost dead.
Natasha claws you but does no damage. Natasha barely misses you.
You slash Natasha!
You kill Natasha!
Trog accepts your kill.
Trog appreciates your killing of a magic user.
You feel Natasha's spirit has finally been put to rest.
You have reached level 5!
Your demonic ancestry asserts itself...
You feel the presence of a demonic guardian.
Are you sure you want to abandon this character and quit the game? (Confirm with "yes".)

▒▒▒▒▒·▒·········
▒···▒·▒·········
▒
▒·▒·▒·▒▒·▒▒▒▒▒▒▒
▒·▒········▒
▒··········▒
▒··········▒
▒▒····†····▒
▒▒▒▒▒▒·▒▒▒▒ ▒@▒
▒†▒ ▒·▒ ··▒ ·▒▒
▒< ▒· ▒·


There were no monsters in sight!

Vanquished Creatures
  Jessica (D:2)
  Natasha (thrice) (D:2)
  A worm (D:2)
  3 dart slugs (D:1)
  4 bats (D:1)
  3 endoplasms
  2 giant cockroaches (D:1)
  A goblin (D:1)
  2 hobgoblins (D:1)
  A quokka (D:1)
  4 ball pythons
  2 frilled lizards (D:1)
  3 kobolds (D:1)
  A rat (D:1)
31 creatures vanquished.

Vanquished Creatures (others)
  4 plants (D:1)
  10 withered plants (D:1)
14 creatures vanquished.

Grand Total: 45 creatures vanquished

Notes
Turn   | Place    | Note
-------+----------+-------------------------------------------
     0 | D:1      | Azzok the Demonspawn Berserker began the quest for the Orb.
     0 | D:1      | Reached XP level 1. HP: 18/18 MP: 1/1
    85 | D:1      | Reached skill level 3 in Axes
    89 | D:1      | Gained mutation: You have large cloven feet. [demonic
                  | ancestry]
    89 | D:1      | Reached XP level 2. HP: 22/24 MP: 2/2
   369 | D:1      | Found a faded altar of an unknown god.
   608 | D:1      | Reached ** piety under Trog
   704 | D:1      | Gained mutation: You have hoof-like feet. [demonic
                  | ancestry]
   704 | D:1      | Reached XP level 3. HP: 27/29 MP: 3/3
  1011 | D:2      | Noticed Natasha
  1019 | D:2      | Killed Natasha
  1020 | D:2      | Reached skill level 4 in Axes
  1171 | D:2      | Noticed Jessica
  1180 | D:2      | Killed Jessica
  1181 | D:2      | Gained mutation: You are partially covered in icy blue
                  | scales. (AC +2) [demonic ancestry]
  1181 | D:2      | Reached XP level 4. HP: 28/35 MP: 4/4
  1193 | D:2      | Noticed Natasha
  1208 | D:2      | Killed Natasha
  1379 | D:2      | Reached skill level 5 in Axes
  1431 | D:2      | Noticed Natasha
  1437 | D:2      | Killed Natasha
  1438 | D:2      | Gained mutation: A weak demonic guardian rushes to your
                  | aid. [demonic ancestry]
  1438 | D:2      | Reached XP level 5. HP: 39/41 MP: 5/5
  1438 | D:2      | Quit the game

Illustrated notes

Levels and vault maps discovered:
D:1:      lightli_arrival_boilingwater, layout_loops_ring,
          shapermc_ecumenical_altar_flowoftime
D:2:      layout_basic, basic_altar, uniq_robin, uniq_natasha, uniq_jessica

Skill      XL: |  1  2  3  4 |
---------------+-------------+-----
Axes           | 3 4 5 |  5.2
Fighting       | |  3.0
Armour         | |  1.7
Dodging        | |  1.7

Action                   |  1- 3 |  4- 6 || total
-------------------------+-------+-------++-------
Melee: Hand axe          |    82 |       ||    82
       Kick              |    29 |     4 ||    33
       War axe           |     7 |    12 ||    19
Armor: Scale mail        |    30 |       ||    30
       Animal skin       |     1 |       ||     1
       Chain mail        |     2 |     7 ||     9
Dodge: Dodged            |    25 |     2 ||    27

Table legend: (Time is in decaauts)
 A = Elapsed time spent in this place.
 B = Non-inter-level travel time spent in this place.
 C = Inter-level travel time spent in this place.
 D = Time resting spent in this place.
 E = Time spent auto-exploring this place.
 F = Levels seen in this place.
 G = Mean time per level.
                   A        B        C        D        E       F      G
               +--------+--------+--------+--------+--------+-----+--------+
         Total |   1456 |   1431 |     25 |     85 |   1056 |   2 |  728.0 |
       Dungeon |   1456 |   1431 |     25 |     85 |   1056 |   2 |  728.0 |
               +--------+--------+--------+--------+--------+-----+--------+

Top non-repeatable levels by time:
     D:1: 1023 daAuts
     D:2: 433 daAuts
